 Dungeon Crawl Stone Soup version 0.20-a0-960-ge493e74 (webtiles) character file.

114 Rrauwl the Chiller (level 4, 0/33 HPs)
             Began as a Merfolk Ice Elementalist on Apr 7, 2017.
             Slain by an adder (1 damage)
             ... on level 2 of the Dungeon.
             The game lasted 00:10:59 (3378 turns).

Rrauwl the Chiller (Merfolk Ice Elementalist)       Turns: 3378, Time: 00:10:59

Health: 0/33       AC:  5    Str:  7 (9)  XL:     4   Next: 97%
Magic:  8/8        EV: 14    Int: 11 (14) God:
Gold:   113        SH:  0    Dex: 13 (14) Spells: 6/8 levels left

rFire    . . .     SeeInvis .   l - +0 halberd
rCold    . . .     Gourm    .   (shield currently unavailable)
rNeg     . . .     Faith    .   a - +0 robe
rPois    .         Spirit   .   (no helmet)
rElec    .         Reflect  .   (no cloak)
rCorr    .         Harm     .   h - +2 pair of gloves
MR       .....                  (no boots)
Stlth    ++........             (no amulet)
Regen    0.2/turn               (no ring)
MPRegen  0.2/turn               (no ring)

@: lethally poisoned (0 -> -15)
A: change form in water, swift swim, stealthy swim
a: no special abilities


You were on level 2 of the Dungeon.
You were not hungry.

You visited 1 branch of the dungeon, and saw 2 of its levels.

You collected 113 gold pieces.

Inventory:

Hand Weapons
 f - a +2 dagger of speed
 l - a +0 halberd (weapon)
Missiles
 e - 23 poisoned needles
Armour
 a - a +0 robe (worn)
 h - a +2 pair of gloves (worn)
Books
 b - a book of Frost

   Spells                             Type                      Level
   a - Freeze                         Ice                          1
   b - Throw Frost                    Conjuration/Ice              2
   c - Ozocubu's Armour               Charms/Ice                   3
   d - Throw Icicle                   Conjuration/Ice              4
   e - Summon Ice Beast               Ice/Summoning                4
 k - a book of Cantrips

   Spells                             Type                      Level
   a - Confusing Touch                Hexes                        1
   b - Animate Skeleton               Necromancy                   1
   c - Summon Small Mammal            Summoning                    1
   d - Apportation                    Translocation                1
Comestibles
 c - 3 bread rations
 d - 4 chunks of flesh


   Skills:
 + Level 1.9 Fighting
 + Level 0.8 Polearms
 + Level 3.8 Dodging
 - Level 2.1 Stealth
 + Level 2.7 Spellcasting
   Level 0.7 Conjurations
 + Level 0.8 Translocations
 + Level 4.1 Ice Magic


You had 6 spell levels left.
You knew the following spells:

 Your Spells              Type           Power        Failure   Level  Hunger
a - Freeze                Ice            ##..         6%          1    #......
b - Apportation           Tloc           #.....       21%         1    #......


Dungeon Overview and Level Annotations

Branches:
Dungeon (2/15)

Altars:

Annotations:
D:2 Sigmund


Message History

The adder poisons you! The adder closely misses you.
You miss the adder.
You feel sick. The adder misses you. The adder bites you.
You are lethally poisoned!
The adder poisons you!
You barely miss the adder.
* * * LOW HITPOINT WARNING * * *
You feel sick. The adder misses you. The adder completely misses you.
You closely miss the adder.
* * * LOW HITPOINT WARNING * * *
You feel sick. The adder closely misses you. The adder barely misses you.
You miss the adder.
* * * LOW HITPOINT WARNING * * *
You feel sick. The adder bites you.
* * * LOW HITPOINT WARNING * * *
You are more poisoned.
The adder poisons you! The adder misses you.
You closely miss the adder.
* * * LOW HITPOINT WARNING * * *
You feel sick. The adder closely misses you. The adder bites you.
You die...

###########.#.# ............#.#
##########..#.#
ยงยงยงยง.........>############
######..##..#............#
#.....##..#............#
###.#...##..#............####
....#....#..'............'..#
#.#.##...#.##...@........##.#
............<...S........'..#
....#..#.#.#.............#######
...##..#.#...............'.....#
#..##..#.###.............#####.#
...##..#.# #.............# #.#
..###..#.# #.............# #.#
..# #..#.# #.############# #.#
..# #..#.###.#################.#


You could see an adder.

Vanquished Creatures
  3 gnolls (D:2)
  3 adders (D:2)
  4 worms (D:2)
  A dart slug (D:2)
  4 giant cockroaches (D:1)
  4 goblins
  6 hobgoblins
  6 kobolds
  4 quokkas (D:2)
  A ball python (D:1)
  4 bats
  2 frilled lizards
  5 rats
47 creatures vanquished.

Notes
Turn   | Place    | Note
-------+----------+-------------------------------------------
     0 | D:1      | Rrauwl the Merfolk Ice Elementalist began the quest for the Orb.
     0 | D:1      | Reached XP level 1. HP: 13/13 MP: 3/3
   729 | D:1      | Reached XP level 2. HP: 20/20 MP: 5/5
  1412 | D:2      | Reached skill level 1 in Fighting
  1412 | D:2      | Reached XP level 3. HP: 15/26 MP: 0/6
  1828 | D:2      | Learned a level 1 spell: Apportation
  2157 | D:2      | Reached XP level 4. HP: 21/32 MP: 7/7
  2416 | D:2      | Noticed Sigmund
  2798 | D:2      | Reached skill level 4 in Ice Magic
  3378 | D:2      | HP: 1/33 [poisoned by an adder]
  3378 | D:2      | Slain by an adder

Vault maps used:
D:1:      dpeg_arrival_long_road
D:2:      uniq_sigmund

Skill      XL: |  1  2  3  4 |
---------------+-------------+-----
Fighting       | 1 |  1.9
Dodging        | 3 |  3.8
Ice Magic      | 4 |  4.1
Polearms       | |  0.8
Stealth        | |  2.1
Spellcasting   | |  2.7
Conjurations   | |  0.7
Translocations | |  0.8

Action                   |  1- 3 |  4- 6 || total
-------------------------+-------+-------++-------
Melee: Unarmed           |    13 |       ||    13
       Dagger            |    67 |    12 ||    79
       Halberd           |       |    75 ||    75
 Cast: Freeze            |    16 |     9 ||    25
  Use: Scroll            |     3 |     2 ||     5
       Potion            |       |     3 ||     3
 Stab: Sleeping          |     3 |     2 ||     5
  Eat: Chunk             |     2 |     2 ||     4
       Royal jelly       |     1 |       ||     1
       Meat ration       |       |     1 ||     1
Armor: Robe              |     6 |    13 ||    19
Dodge: Dodged            |    45 |    82 ||   127
